 Dungeon Crawl Stone Soup version 0.23-a0-703-gdf2d5e0 (webtiles) character file.

364 MalarOregon the Stinger (level 6, -1/69 HPs)
             Began as a Merfolk Venom Mage on Jan 13, 2019.
             Slain by an ice beast (12 damage)
             ... on level 5 of the Dungeon.
             The game lasted 00:09:16 (3078 turns).

MalarOregon the Stinger (Merfolk Venom Mage)        Turns: 3078, Time: 00:09:17

Health: -1/69      AC: 23    Str:  8    XL:     6   Next: 67%
Magic:  9/11       EV:  2    Int: 17    God:
Gold:   79         SH:  0    Dex: 19    Spells: 4/11 levels left

rFire    . . .     SeeInvis .   c - +0 short sword (freeze)
rCold    . . .     Gourm    .   (no shield)
rNeg     + + +     Faith    .   (armour currently unavailable)
rPois    +         Spirit   .   (helmet currently unavailable)
rElec    .         Reflect  .   (cloak currently unavailable)
rCorr    .         Harm     .   (gloves currently unavailable)
MR       +....     NoTele   +   (boots currently unavailable)
Stlth    ++........             (no amulet)
HPRegen  0.21/turn              f - ring of attention (curse)
MPRegen  0.12/turn              o - +3 ring of evasion

@: agile, tree-form
A: (change form in water), (swift swim), (stealthy swim), high mp 1, magic
resistance 1
a: no special abilities


You were on level 5 of the Dungeon.
You were hungry.
You were a tree.
You visited 1 branch of the dungeon, and saw 4 of its levels.

You collected 79 gold pieces.

Inventory:

Hand Weapons
 c - a +0 short sword of freezing (weapon)
   (You took it off a kobold on level 1 of the Dungeon)
 h - a +0 blowgun
   (You took it off a kobold on level 3 of the Dungeon)
Missiles
 b - 63 stones (quivered)
Armour
 a - a +0 robe (melded)
 p - a +0 pair of boots (melded)
   (You found it on level 2 of the Dungeon)
 t - a +0 helmet (melded)
   (You took it off Robin on level 3 of the Dungeon)
Jewellery
 f - a cursed ring of attention (left branch)
   (You found it on level 1 of the Dungeon)
 i - an uncursed ring of flight
   (You found it on level 1 of the Dungeon)
 o - a +3 ring of evasion (right branch)
   (You found it on level 2 of the Dungeon)
Scrolls
 g - a scroll of identify {unknown}
 k - 3 scrolls of fear {unknown}
 q - a scroll of enchant weapon {unknown}
 r - a scroll of amnesia {unknown}
 v - a scroll of noise {unknown}
Potions
 n - a potion of heal wounds {unknown}
Comestibles
 d - 2 chunks of flesh
 e - 9 rations {!d}


   Skills:
 + Level 2.5 Fighting
 + Level 1.6 Armour
 + Level 4.4 Dodging
 - Level 2.1 Stealth
 + Level 3.0 Spellcasting
 - Level 1.0 Conjurations
 * Level 5.3 Poison Magic


You had 4 spell levels left.
You knew the following spells:

 Your Spells              Type           Power        Failure   Level  Hunger
a - Sting                 Conj/Pois      ##..         4%          1    None
x - Poisonous Vapours     Pois/Air       ##....       9%          2    ##.....
y - Olgreb's Toxic Radia  Pois           ###.....     19%         4    ####...

Your spell library contained the following spells:

 Spells                   Type           Power        Failure   Level  Hunger
 Corona                   Hex            #......      17%         1    None
 Mephitic Cloud           Conj/Pois/Air  #.......     22%         3    ###....
 Ensorcelled Hibernation  Hex/Ice        #.....       26%         2    ##.....
 Dazzling Spray           Conj/Hex       #.....       38%         3    ###....
 Confuse                  Hex            #.......     45%         3    ###....
 Tukima's Dance           Hex            #.......     45%         3    ###....
 Venom Bolt               Conj/Pois      ##........   78%         5    ######.


Dungeon Overview and Level Annotations

Branches:
Dungeon (3/15)

Altars:
Sif Muna
Yredelemnul
The Shining One


Innate Abilities, Weirdness & Mutations

((You revert to your normal form in water.))
((You are very nimble and swift while swimming.))
((You are very stealthy in the water. (Stealth+)))
You have an increased reservoir of magic. (+10% MP)
You are resistant to hostile enchantments. (MR+)


Message History

The ice beast is too close now for your liking.
Aim: an ice beast But poisonous vapours would do no harm to the ice beast!
You begin to radiate toxic energy.
You are feeling hungry.
You hit the ice beast but do no damage.
Your toxic aura wanes.
The ice beast completely misses you.
You barely miss the ice beast. The ice beast barely misses you.
You barely miss the ice beast. The ice beast completely misses you.
You hit the ice beast but do no damage. The ice beast barely misses you.
You barely miss the ice beast. The ice beast hits you.
The ice beast freezes you!
You barely miss the ice beast. The ice beast barely misses you.
It was a potion of agility.
You feel agile all of a sudden. The ice beast completely misses you.
You hit the ice beast but do no damage. The ice beast hits you.
The ice beast freezes you!
* * * LOW HITPOINT WARNING * * *
Really quaff
m - a potion of lignification {!q}?
You turn into a tree.
Your +0 helmet melds into your body.
Your +0 pair of boots melds into your body.
Your +0 robe melds into your body.
Your roots penetrate the ground.
The ice beast barely misses you.
You hit the ice beast.
The ice beast hits you but does no damage.
You closely miss the ice beast.
The ice beast hits you but does no damage.
You hit the ice beast.
The ice beast hits you but does no damage. x2
You barely miss the ice beast.
The ice beast hits you but does no damage.
You hit the ice beast but do no damage.
The ice beast hits you but does no damage.
You barely miss the ice beast. The ice beast hits you.
* * * LOW HITPOINT WARNING * * *
The ice beast freezes you!
* * * LOW HITPOINT WARNING * * *
You barely miss the ice beast.
The ice beast hits you but does no damage.
You hit the ice beast but do no damage. The ice beast hits you.
* * * LOW HITPOINT WARNING * * *
The ice beast freezes you.
* * * LOW HITPOINT WARNING * * *
Unknown command.
You barely miss the ice beast. The ice beast hits you.
* * * LOW HITPOINT WARNING * * *
The ice beast freezes you!
You die...

#...........##
##########...#####.
#.#.......
#...##### ##.##
###.######
#........#
#.#.####.# #.#.#
#♣# # #.# #Y# ...
#.# ... #.# ..[.
..# #.. ... ###


You could see an ice beast.

Vanquished Creatures
  A phantom (D:5)
  A crimson imp (D:5)
  A hound (D:3)
  Terence (D:2)
  A killer bee zombie (D:5)
  Robin (D:3)
  5 adders
  An ooze (D:1)
  A worm (D:2)
  3 dart slugs (D:1)
  7 leopard geckos
  4 orcs (D:3)
  9 bats
  3 giant cockroaches
  13 goblins
  7 hobgoblins
  12 kobolds
  3 quokkas
  A ball python (D:1)
  A frilled lizard (D:1)
  A quokka zombie (D:3)
  8 rats
85 creatures vanquished.

Notes
Turn   | Place    | Note
-------+----------+-------------------------------------------
     0 | D:1      | MalarOregon the Merfolk Venom Mage began the quest for the
                  | Orb.
     0 | D:1      | Reached XP level 1. HP: 13/13 MP: 3/3
   101 | D:1      | Reached XP level 2. HP: 18/20 MP: 0/5
   155 | D:1      | Learned a level 2 spell: Poisonous Vapours
   227 | D:1      | Reached skill level 1 in Conjurations
   430 | D:1      | Reached XP level 3. HP: 22/25 MP: 1/6
   616 | D:1      | Reached skill level 1 in Fighting
   908 | D:2      | Noticed Terence
   920 | D:2      | Killed Terence
   920 | D:2      | Reached skill level 4 in Poison Magic
   920 | D:2      | Reached XP level 4. HP: 32/32 MP: 1/7
  1118 | D:2      | Found a glowing golden altar of the Shining One.
  1129 | D:2      | Reached skill level 1 in Armour
  1196 | D:2      | Learned a level 4 spell: Olgreb's Toxic Radiance
  1537 | D:2      | Reached XP level 5. HP: 38/38 MP: 3/8
  2013 | D:3      | Noticed Robin
  2201 | D:3      | Killed Robin
  2394 | D:3      | Found a basalt altar of Yredelemnul.
  2475 | D:3      | Found a deep blue altar of Sif Muna.
  2572 | D:3      | You fall through a shaft for 2 floors!
  2572 | D:5      | Entered Level 5 of the Dungeon
  2702 | D:5      | Reached skill level 5 in Poison Magic
  2702 | D:5      | Reached XP level 6. HP: 13/44 MP: 10/10
  2744 | D:5      | Gained mutation: You are resistant to hostile enchantments.
                  | (MR+) [potion of mutation]
  2744 | D:5      | Gained mutation: You have an increased reservoir of magic.
                  | (+10% MP) [potion of mutation]
  2946 | D:5      | Noticed a phantom
  2956 | D:5      | Killed a phantom
  3057 | D:5      | Noticed an ice beast
  3078 | D:5      | Slain by an ice beast

Vault maps used:
D:1:      ncdulo_halloftheorcs
D:2:      lemuel_doored_altar, uniq_terence
D:3:      lemuel_blue_sif_altar, old_standard_altar, uniq_robin,
          uniq_crazy_yiuf_cottage
D:5:      lemuel_round_altar, minmay_temple_entry_hall, first_ration,
          uniq_sigmund, uniq_eustachio

Skill      XL: |  1  2  3  4  5  6 |
---------------+-------------------+-----
Conjurations   | 1 |  1.0
Dodging        | 3 4 |  4.4
Fighting       | 1 2 |  2.5
Poison Magic   | 4 5 |  5.3
Armour         | 1 |  1.6
Spellcasting   | 3 |  3.0
Stealth        | |  2.1

Action                   |  1- 3 |  4- 6 || total
-------------------------+-------+-------++-------
Melee: Short sword       |    29 |   230 ||   259
Throw: Stone             |     6 |       ||     6
 Cast: Sting             |     7 |     1 ||     8
       Poisonous Vapours |    23 |    42 ||    65
       Olgreb's Toxic Ra |       |     4 ||     4
  Use: Scroll            |     1 |       ||     1
       Potion            |       |     7 ||     7
  Eat: Chunk             |     2 |    11 ||    13
Armor: Robe              |     4 |    28 ||    32
       Skin              |       |    21 ||    21
Dodge: Dodged            |    16 |   191 ||   207

Table legend:
 A = Non-vault XP
 B = Vault XP
 C = Vault XP percentage of total XP
 D = Non-vault monster count
 E = Vault monster count
 F = Vault count percentage of total count
                 A         B        C        D         E       F
            +---------+---------+-------+---------+---------+-------
      Total |     450 |      71 |  13.6 |      73 |      12 |  14.1
            +---------+---------+-------+---------+---------+-------
        D:1 |      57 |       0 |   0.0 |      25 |       0 |   0.0
        D:2 |      96 |      45 |  31.9 |      26 |       5 |  16.1
        D:3 |      84 |      26 |  23.6 |      17 |       7 |  29.2
        D:5 |     213 |       0 |   0.0 |       5 |       0 |   0.0
            +---------+---------+-------+---------+---------+-------
